 Dungeon Crawl Stone Soup version 0.31-a0-198-g2ad674f65e (webtiles) character file.

Game seed: 14822969859772490114

593469 olmar the Hoplite (level 25, -4/256 HPs)
             Began as an Armataur Fighter on June 25, 2023.
             Was an Initiate of Gozag.
             Drowned by a water elemental (8 damage)
             ... summoned by an elemental wellspring
             ... on level 3 of Cocytus on June 26, 2023.
             The game lasted 02:15:41 (69166 turns).

olmar the Hoplite (Armataur Fighter)               Turns: 69166, Time: 02:15:41

Health: -4/256     AC: 53    Str: 31      XL:     25   Next: 74%
Magic:  32/32      EV: 14    Int: 11      God:    Gozag
Gold:   6744       SH: 17    Dex:  6 (11) Spells: 24/24 levels left

rFire   + + .        c - +6 eveningstar "Raonaxemn" {drain, Str+5 Int-5}
rCold   + + +        d - +1 kite shield {rC+}
rNeg    + + +        A - +11 crystal plate armour {rC+}
rPois   +            G - +1 hat of Ashenzari's Esteem {rPois Int+6 Slay-3}
rElec   +            S - scarf {rC+ rF+}
rCorr   +            W - +1 pair of gloves of Narrow Surprise {Harm Int+3}
SInv    .            w - +6 lightning scales {swift, rElec}
Will    +++..        f - amulet of the Amorous Mangosteen {RegenMP Rampage rN+++ Will- Regen+} Stlth
                     N - ring of the Peasants {Will++ rCorr MP+9 Stlth-}
HPRegen 1.42/turn    r - ring of the Hare {EV+10}
MPRegen 0.63/turn

%: random rage (3%), harm (+30% outgoing, +20% incoming), roll
@: engulfed (cannot breathe), gold aura, studying Throwing, unable to drink,
quick
A: large, rugged brown scales 3, deformed body, armoured tail, roll, long
tongue, awkward tongue, hooves 1, berserk 1, deterioration 1, dopey 2, fire
resistance 1, strong-willed 1, screaming 1, weak 2, subdued magic 1, inability
to drink after injury 1
}: 4/15 runes: serpentine, barnacled, slimy, abyssal
a: Renounce Religion, Potion Petition, Call Merchant, Bribe Branch


You were on level 3 of Cocytus.
You worshipped Gozag.
Gozag was greatly pleased with you.
You visited 12 branches of the dungeon, and saw 52 of its levels.
You visited the Abyss 1 time.
You also visited: Sewer, Bailey, Gauntlet, Ice Cave and Volcano.

You collected 29194 gold pieces.
You spent 6044 gold pieces at shops.
You paid 16406 gold pieces to Gozag.

Inventory:

Hand Weapons
 c - the +6 eveningstar "Raonaxemn" (weapon) {drain, Str+5 Int-5}
   (You bought it in a shop on level 10 of the Dungeon)

   Str:       It affects your strength (+5).
   Int:       It affects your intelligence (-5).
 B - the +5 demon whip "Spellbinder" {antimagic, disrupt, Will+}
   (You took it off a tengu conjurer on level 3 of the Depths)

   Will:      It increases your willpower.
Missiles
 C - 20 silver javelins
Armour
 d - a +1 kite shield of cold resistance (worn)
 w - the +6 lightning scales (worn) {swift, rElec}
   (You acquired it in a bailey)

   Swift:     It allows the wearer to cover ground more swiftly.
   rElec:     It insulates you from electricity.
 A - a +11 crystal plate armour of cold resistance (worn)
 G - the +1 hat of Ashenzari's Esteem (worn) {rPois Int+6 Slay-3}
   (You bought it in a shop on level 2 of the Elven Halls)

   Int:       It affects your intelligence (+6).
   Slay:      It affects your accuracy & damage with ranged weapons and melee
   (-3).
   rPois:     It protects you from poison.
 S - a scarf of resistance (worn)
 W - the +1 pair of gloves of Narrow Surprise (worn) {Harm Int+3}
   (You found it on level 3 of the Elven Halls)

   Int:       It affects your intelligence (+3).
   Harm:      It increases damage dealt and taken.
 Z - a scarf of repulsion
Jewellery
 f - the amulet of the Amorous Mangosteen (around neck) {RegenMP Rampage rN+++ Will- Regen+}
   (You took it off a minotaur in a Gauntlet)

   [amulet of magic regeneration]

   It increases your rate of magic regeneration.
   rN:        It renders you almost immune to negative energy.
   Regen:     It increases your rate of health regeneration.
   Rampage:   It bestows one free step when moving towards enemies.
   Will:      It decreases your willpower.
 g - the necklace of Bloodlust {Fury *Rage Will++ Int-3 Slay+6}
   (You took it off a deep elf annihilator on level 3 of the Elven Halls)

   [amulet of nothing]

   Fury:      It extends the wearer's berserk rage when killing foes.
   Int:       It affects your intelligence (-3).
   Slay:      It affects your accuracy & damage with ranged weapons and melee
   (+6).
   *Rage:     It berserks you when you make melee attacks (+50% chance).
   Will:      It greatly increases your willpower.
 o - the amulet of Dago {Acrobat Harm Str+2 SInv Stlth+}
   (You found it in a Gauntlet)

   [amulet of the acrobat]

   It increases your evasion while moving and waiting.
   Str:       It affects your strength (+2).
   SInv:      It lets you see invisible.
   Harm:      It increases damage dealt and taken.
   Stlth:     It makes you more stealthy.
 q - the amulet of Vitality {RegenMP++ Regen++}
   (You found it on level 5 of the Pits of Slime)

   [amulet of magic regeneration]

   It increases your rate of magic regeneration.
   Regen:     It increases your rate of health regeneration.
 r - the ring of the Hare (right hand) {EV+10}
   (You took it off a deep elf elementalist on level 3 of the Elven Halls)

   [ring of evasion]

   EV:        It affects your evasion (+10).
 N - the ring of the Peasants (left hand) {Will++ rCorr MP+9 Stlth-}
   (You bought it in a shop on level 2 of the Orcish Mines)

   [ring of magical power]

   MP:        It affects your magic capacity (+9).
   rCorr:     It protects you from acid and corrosion.
   Will:      It greatly increases your willpower.
   Stlth:     It makes you less stealthy.
Wands
 k - a wand of mindburst (35) (quivered)
 p - a wand of iceblast (20)
 O - a wand of paralysis (41)
 R - a wand of digging (24)
 T - a wand of light (43)
 X - a wand of flame (103)
Scrolls
 h - 8 scrolls of poison
 j - 5 scrolls of blinking
 m - 37 scrolls of identify
 s - 9 scrolls of fear
 u - 8 scrolls of revelation
 v - 8 scrolls of teleportation
 x - a scroll of silence
 K - 3 scrolls of butterflies
 Y - 6 scrolls of fog
Potions
 a - 4 potions of might
 b - 11 potions of attraction
 i - 12 potions of curing
 n - a potion of resistance
 t - a potion of invisibility
 y - 4 potions of lignification
 z - 6 potions of cancellation
 D - 14 potions of enlightenment
 L - 15 potions of mutation
 M - a potion of ambrosia
 Q - 4 potions of haste
Miscellaneous
 l - a lightning rod (2/4)
 F - a phantom mirror (inert)
 V - a box of beasts (inert)


   Skills:
 + Level 22.8 Fighting
 + Level 24.2 Maces & Flails
 + Level 4.1 Throwing
 + Level 23.1 Armour
 - Level 4.8 Stealth
 + Level 26.0 Shields
 + Level 4.5 Evocations


You had 24 spell levels left.
You didn't know any spells.
Your spell library contained the following spells:

 Spells                   Type           Power      Damage    Failure   Level
 Beastly Appendage        Tmut           0%         N/A       93%         1
 Foxfire                  Conj/Fire      0%         2x1d4     93%         1
 Magic Dart               Conj           0%         1d3       93%         1
 Necrotise                Necr           0%         1d4       93%         1
 Sandblast                Erth           0%         2d4       93%         1
 Shock                    Conj/Air       0%         1d3       93%         1
 Slow                     Hex            0%         N/A       93%         1
 Sting                    Tmut/Pois      0%         1d3       93%         1
 Blink                    Tloc           0%         N/A       98%         2
 Call Imp                 Summ           0%         N/A       98%         2
 Cigotuvi's Dreadful Rot  Necr/Pois/Air  0%         N/A       98%         2
 Ensorcelled Hibernation  Hex/Ice        0%         N/A       98%         2
 Lesser Beckoning         Tloc           0%         N/A       98%         2
 Momentum Strike          Conj/Tloc      0%         3d8       98%         2
 Passwall                 Tmut/Erth      0%         N/A       98%         2
 Poisonous Vapours        Pois/Air       0%         N/A       98%         2
 Scorch                   Fire           0%         2d5       98%         2
 Searing Ray              Conj           0%         2d4       98%         2
 Sublimation of Blood     Necr           0%         N/A       98%         2
 Wereblood                Tmut           0%         N/A       98%         2
 Confusing Touch          Hex            0%         N/A       100%        3
 Dazzling Flash           Conj/Hex       0%         N/A       100%        3
 Gell's Gravitas          Tloc           0%         N/A       100%        3
 Ignite Poison            Fire/Tmut/Pois 0%         N/A       100%        3
 Inner Flame              Hex/Fire       0%         N/A       100%        3
 Mephitic Cloud           Conj/Pois/Air  0%         N/A       100%        3
 Ozocubu's Armour         Ice            0%         N/A       100%        3
 Spider Form              Tmut/Pois      0%         N/A       100%        3
 Stone Arrow              Conj/Erth      0%         3d7       100%        3
 Swiftness                Air            0%         N/A       100%        3
 Teleport Other           Tloc           0%         N/A       100%        3
 Tukima's Dance           Hex            0%         N/A       100%        3
 Vampiric Draining        Necr           0%         2d6       100%        3
 Vhi's Electric Charge    Tloc/Air       0%         N/A       100%        3
 Volatile Blastmotes      Fire/Tloc      0%         2d10      100%        3
 Airstrike                Air            0%         2d(0-16)  100%        4
 Anguish                  Hex/Necr       0%         N/A       100%        4
 Flame Wave               Conj/Fire      0%         2d4       100%        4
 Fulminant Prism          Conj/Hex       0%         3d5       100%        4
 Iskenderun's Mystic Bla  Conj/Tloc      0%         2d3       100%        4
 Leda's Liquefaction      Hex/Erth       0%         N/A       100%        4
 Manifold Assault         Tloc           0%         N/A       100%        4
 Olgreb's Toxic Radiance  Pois           0%         N/A       100%        4
 Passage of Golubria      Tloc           0%         N/A       100%        4
 Petrify                  Tmut/Erth      0%         N/A       100%        4
 Sticky Flame             Conj/Fire      0%         2d3       100%        4
 Summon Ice Beast         Ice/Summ       0%         N/A       100%        4
 Agony                    Necr           0%         N/A       100%        5
 Alistair's Intoxication  Tmut/Pois      0%         N/A       100%        5
 Arcjolt                  Conj/Air       0%         1d10      100%        5
 Borgnjor's Vile Clutch   Necr/Erth      0%         N/A       100%        5
 Fireball                 Conj/Fire      0%         3d3       100%        5
 Freezing Cloud           Conj/Ice/Air   0%         6-21      100%        5
 Iskenderun's Battlesphe  Conj           0%         2d6       100%        5
 Lee's Rapid Deconstruct  Erth           0%         3d4*      100%        5
 Metabolic Englaciation   Hex/Ice        0%         N/A       100%        5
 Silence                  Hex/Air        0%         N/A       100%        5
 Summon Forest            Summ/Tloc      0%         N/A       100%        5
 Summon Mana Viper        Hex/Summ       0%         N/A       100%        5
 Yara's Violent Unravell  Hex/Tmut       0%         3d3       100%        5
 Conjure Ball Lightning   Conj/Air       0%         3x3d6     100%        6
 Death Channel            Necr           0%         N/A       100%        6
 Dispersal                Tloc           0%         N/A       100%        6
 Eringya's Noxious Bog    Tmut/Pois      0%         N/A       100%        6
 Leda's Unmaking          Conj/Erth      0%         9d1       100%        6
 Plasma Beam              Fire/Air       0%         2x1d10    100%        6
 Starburst                Conj/Fire      0%         6d3       100%        6
 Statue Form              Tmut/Erth      0%         N/A       100%        6
 Summon Cactus Giant      Summ           0%         N/A       100%        6
 Haunt                    Necr/Summ      0%         N/A       100%        7
 Monstrous Menagerie      Summ           0%         N/A       100%        7
 Orb of Destruction       Conj           0%         9d5       100%        7
 Storm Form               Tmut/Air       0%         N/A       100%        7
 Summon Hydra             Summ           0%         N/A       100%        7
 Discord                  Hex            0%         N/A       100%        8
 Disjunction              Tloc           0%         N/A       100%        8
 Ignition                 Fire           0%         3d3       100%        8
 Maxwell's Capacitive Co  Air            0%         ∞         100%        8
 Necromutation            Tmut/Necr      0%         N/A       100%        8
 Summon Horrible Things   Summ           0%         N/A       100%        8
 Animate Dead             Necr           Unusable   N/A       N/A         4
 Simulacrum               Ice/Necr       Unusable   N/A       N/A         6

Dungeon Overview and Level Annotations

Branches:
Dungeon (15/15)            Temple (1/1) D:4            Lair (5/5) D:9
 Shoals (4/4) Lair:3        Snake (4/4) Lair:3        Slime (5/5) Lair:4
    Orc (2/2) D:12            Elf (3/3) Orc:2        Vaults (5/5) D:14
  Crypt (0/3) Vaults:3     Depths (4/4) D:15           Hell (visited)
    Dis (0/7) Hell            Geh (0/7) Hell            Coc (3/7) Hell
    Tar (0/7) Hell            Zot (0/5) Depths:4      Sewer (visited)
 Bailey (visited)           IceCv (visited)         Volcano (visited)
Gauntlet (visited)

Altars:
Ashenzari
Cheibriados
Dithmenos
Elyvilon
Fedhas
Gozag
Hepliaklqana
Kikubaaqudgha
Makhleb
Nemelex Xobeh
Okawaru
Qazlal
Ru
Sif Muna
Trog
Uskayaw
Vehumet
Wu Jian
Xom
Yredelemnul
Zin
The Shining One
Jiyva
Lugonu

Shops:
D:3 (   D:10 ([   Orc:2 [=(*   Elf:1 ?   Elf:2 [[[   Shoals:4 ((   Snake:1 (
Snake:2 =:=   Snake:3 ?   Vaults:3 [   Vaults:4 (   Hell [[=[=   Depths:4 (

Portals:
Hell: Depths:1 Depths:2 Depths:3 Depths:4
Abyss: Lair:5 Depths:1 Depths:3
Pandemonium: Depths:2 Depths:3
Ziggurat: Depths:3
Trove: Depths:1 (give 12 potions of heal wounds)

Annotations:
D:3 1 runed translucent door, Crazy Yiuf
Lair:1 3 runed translucent doors, exclusion: oklob plant, Cyfinlor's ghost, novice SpEn; Rudyous's ghost, journeyman OpFE
Snake:2 2 transporters, Omirghalokh's ghost, adept DrCj
Depths:1 2 transporters
Depths:3 Parghit


Innate Abilities, Weirdness & Mutations

You are completely covered in rugged brown scales. (AC +3, +7% HP)
Armour fits poorly on your strangely shaped body.
You have a long armoured tail.
You roll when moving toward enemies. (Rampage)
Your long tongue fully drains potion bottles. (2x potion effects)
Your tongue gives you trouble enunciating. (1.5x scroll delay)
You have large cloven feet.
You sometimes lose your temper in combat.
Your body sometimes deteriorates upon taking damage.
You are very dopey. (Int -4)
Your flesh is heat resistant. (rF+)
You are strong-willed. (Will+)
You occasionally shout uncontrollably at your foes.
You are very weak. (Str -4)
Your spells are a little easier to cast, but a little less powerful.
You occasionally lose the ability to drink potions when taking damage.


Message History

You closely miss the elemental wellspring.
The elemental wellspring is no longer distracted by gold.
Your kick misses the elemental wellspring.
You tail-slap the elemental wellspring!
The elemental wellspring is heavily damaged.
* * * LOW HITPOINT WARNING * * *
Your lungs strain for air!
The iron dragon simulacrum is no longer distracted by gold.
You block the water elemental's attack. x2
Unknown command.
You sock the elemental wellspring! You kick the elemental wellspring.
The elemental wellspring is severely damaged.
* * * LOW HITPOINT WARNING * * *
Your lungs strain for air!
The water elemental is no longer distracted by gold.
The water elemental hits you.
The Ice Fiend calls on the powers of darkness!
Your body is wracked with pain!
* * * LOW HITPOINT WARNING * * *
The titan convulses!
The titan hits you but does no damage.
You block the water elemental's attack. x2
The iron dragon simulacrum splashes around in the water.
You block the iron dragon simulacrum's attack.
The iron dragon simulacrum tramples you but does no damage.
You bludgeon the elemental wellspring!!
You destroy the elemental wellspring!
You now have 6744 gold pieces (gained 14).
The water elemental disappears in a puff of smoke! x3
* * * LOW HITPOINT WARNING * * *
Your lungs strain for air!
The water elemental disappears in a puff of smoke!
A torrent of water rises up through the elemental wellspring!
The torrent of water passes through the water elemental.
The torrent of water misses you.
The wave splashes down.
The Ice Fiend is distracted by your dazzling golden aura.
You block the titan's attack. You block the water elemental's attack.
The Ice Fiend roars!
Why would you want to do that?
You die...
Your body crumbles into a pile of gold.

≈≈###≈≈≈ ≈≈≈≈≈≈≈
≈≈≈≈≈# #≈≈≈≈ #≈≈≈#
###≈§E# ###§§EEZ##
#≈≈≈# #≈≈≈≈@§1≈##
≈≈≈≈# ≈≈≈≈.§9§≈C≈≈##
#≈≈≈≈# ≈...≈Z≈§§≈.≈≈##
#≈C≈≈#
.≈≈≈≈####≈≈.≈≈##≈≈≈≈≈#
≈≈≈## ##≈≈.≈≈≈≈≈≈≈≈#
≈≈ ##≈≈.≈≈≈≈≈≈≈## ≈
##≈≈~∩≈≈≈≈≈≈≈
#≈~≈≈≈≈≈≈≈≈≈
#≈≈$≈######≈≈


You could see a titan, an Ice Fiend, an elemental wellspring, a nargun, 2 water
elementals and 2 iron dragon simulacra.

Vanquished Creatures
  the Royal Jelly (Slime:5)
  An ancient lich (Abyss:3)
  Mara (Shoals:4)
  7 juggernauts
  Sojobo (Depths:2)
  Frederick (Vaults:3)
  Saint Roka (Vaults:4)
  Geryon (Hell)
  Nikola (Vaults:3)
  the Enchantress (Depths:2)
  2 golden dragons (Depths:3)
  A profane servitor (Abyss:3)
  4 bone dragons
  Rupert (D:15)
  2 iron giants (Coc:2)
  2 tentacled monstrosities (Depths:3)
  A tainted leviathan (Coc:2)
  A lich (Abyss:3)
  2 quicksilver dragons
  6 deep elf blademasters
  Asterion (Snake:1)
  3 deep elf master archers (Elf:3)
  An ancient champion (Vaults:3)
  Murray (Depths:1)
  5 titans (Coc:2)
  Kirke (Shoals:4)
  6 tentacled starspawn (Abyss:3)
  Frances (D:14)
  3 sphinxes
  20 acid blobs
  A thorn hunter (Abyss:3)
  6 tengu reavers
  4 shadow dragons
  Roxanne (Shoals:4)
  2 narguns (Coc:1)
  11 azure jellies
  A storm dragon (Depths:3)
  A draconian monk (Depths:4)
  5 nagarajas
  13 rockslimes
  15 frost giants
  5 fire giants
  8 deep elf sorcerers
  3 iron dragons
  11 vault wardens
  A caustic shrike zombie (Hell)
  A balrug (Depths:3)
  2 orc warlords (Orc:1)
  Aizul (Elf:2)
  13 stone giants
  5 deep elf elementalists (Elf:3)
  6 reapers
  A war gargoyle (Depths:3)
  2 cacodemons
  10 quicksilver oozes
  9 formless jellyfish
  3 spriggan defenders (Depths:2)
  23 very ugly things
  23 ironbound preservers
  4 ironbound thunderhulks
  3 green draconians
  A lorocyproca (Abyss:3)
  8 elemental wellsprings
  5 deep elf demonologists (Elf:3)
  2 vampire knights (Depths:1)
  15 spark wasps
  2 black draconians (Depths:4)
  10 dire elephants
  A minotaur (Gauntlet)
  A wendigo (Coc:3)
  A purple draconian (Depths:4)
  3 red draconians (Depths:4)
  13 deep elf annihilators
  2 yellow draconians (Depths:4)
  3 blizzard demons
  4 deep elf death magi (Elf:3)
  2 ettins
  14 merfolk impalers
  4 merfolk javelineers
  A mummy priest (Hell)
  2 iron golems (Hell)
  Josephine (D:15)
  A green death (Depths:1)
  14 deep elf high priests
  7 fire dragons
  7 yaktaur captains
  13 vault guards
  14 great orbs of eyes
  2 entropy weavers
  4 catoblepae
  3 hydras
  A hell beast (Depths:1)
  3 salamander tyrants
  6 rakshasas
  5 ice dragons
  3 caustic shrike simulacra
  A juggernaut simulacrum (Coc:1)
  A death knight (Vaults:3)
  8 spriggan air magi
  A two-headed ogre (shapeshifter) (Elf:3)
  5 merfolk aquamancers (Shoals:4)
  6 merfolk avatars
  5 ironbound frosthearts
  21 anacondas
  5 boulder beetles
  23 dancing weapons
  10 death yaks
  6 two-headed ogres
  9 hell hogs
  4 alligator snapping turtles
  3 satyrs
  7 centaur warriors
  11 thrashing horrors
  4 deep troll shamans
  16 tengu warriors
  3 vampire magi
  10 spriggan berserkers
  3 deep troll earth magi
  A demonic crawler (Depths:1)
  16 naga warriors
  27 hell knights
  6 shock serpents
  4 orc high priests
  8 soul eaters
  17 deep elf knights
  9 sun demons
  A titan skeleton (Hell)
  14 naga sharpshooters
  Sonja (Lair:5)
  2 sixfirhies
  A spark wasp zombie (Hell)
  21 iron trolls
  3 skysharks
  4 salamander mystics
  3 shadow wraiths
  7 skeletal warriors
  9 wretched stars
  A flayed ghost (Abyss:2)
  2 glowing orange brains
  26 sea snakes
  An anaconda zombie (Hell)
  58 deep trolls
  2 quicksilver dragon simulacra (Depths:3)
  5 naga ritualists
  An obsidian statue (IceCv)
  3 orc knights
  14 deep elf archers
  7 harpies
  A sea snake (shapeshifter) (Vaults:2)
  4 bog bodies (IceCv)
  2 shadow demons
  16 ironbound convokers
  2 wizards (Vaults:3)
  2 anaconda skeletons (Hell)
  7 necromancers
  2 shadow dragon zombies
  A sphinx zombie (Vaults:3)
  Pikel (D:5)
  An iron dragon zombie (Hell)
  8 lindwurms
  8 mana vipers
  24 deep elf zephyrmancers
  3 fire giant zombies (Hell)
  A mana viper (shapeshifter) (Depths:3)
  A shining eye (shapeshifter) (Elf:3)
  2 wolf spider zombies (D:7)
  A wolf spider (D:15)
  4 oklob plants
  2 phantasmal warriors (Depths:1)
  18 fauns
  2 stone giant zombies (Hell)
  36 ugly things
  2 cyclopes
  16 manticores
  3 frost giant zombies
  7 orc sorcerers
  8 shining eyes
  23 deep elf pyromancers
  22 salamanders
  3 worldbinders
  4 eyes of devastation
  A tengu skeleton (Depths:1)
  3 ice statues
  10 merfolk sirens
  14 elephants
  11 guardian serpents
  4 molten gargoyles
  3 rust devils
  13 vault sentinels
  15 smoke demons
  21 black mambas
  26 naga magi
  4 water nymphs
  A centaur zombie (D:7)
  3 gargoyles
  22 large abominations
  An eye of devastation (shapeshifter) (Lair:5)
  11 cane toads
  A torpor snail (Lair:2)
  A yaktaur zombie (Vaults:3)
  2 hellions
  6 komodo dragons
  10 rime drakes
  4 centaur skeletons (D:7)
  A sea snake zombie (Hell)
  An unseen horror (Abyss:2)
  2 bunyip simulacra (Coc:1)
  5 anaconda simulacra
  3 golden dragon simulacra
  5 ice devils
  22 freezing wraiths
  2 efreet
  A red devil (Depths:2)
  4 tengu conjurers
  30 yaktaurs
  A hydra zombie (Hell)
  6 ancient zymes
  39 merfolk
  A meliai (shapeshifter) (D:14)
  A sea snake skeleton (Hell)
  A tarantella (shapeshifter) (Depths:2)
  4 hellwings
  6 wind drakes
  7 hornets
  7 trolls
  2 polar bears
  47 blink frogs
  13 raiju
  7 snapping turtles
  2 hydra skeletons (Hell)
  A harpy skeleton (Abyss:3)
  2 ettin zombies (Hell)
  A meliai zombie (D:7)
  125 slime creatures
  An ice dragon skeleton (Abyss:1)
  3 air elementals
  3 flying skulls (Abyss:3)
  5 wyverns
  2 alligator skeletons (Hell)
  7 spriggans
  6 wraiths
  8 dire elephant simulacra
  7 ynoxinuls
  A centaur simulacrum (Hell)
  22 water elementals
  2 vampires
  A hog (Shoals:4)
  A fire bat (Abyss:3)
  22 starcursed masses
  35 yaks
  12 golden eyes
  2 minotaur simulacra (IceCv)
  4 basilisks
  5 fire elementals
  5 chaos spawn
  An elf skeleton (Vaults:3)
  A hog (shapeshifter) (D:14)
  3 redbacks (Vaults:4)
  4 steam dragons
  10 wargs
  8 neqoxecs
  4 harpy simulacra
  45 nagas
  2 hydra simulacra
  A glowing shapeshifter zombie (Hell)
  16 water moccasins
  3 hell hounds
  An acid dragon (D:12)
  3 ice beasts
  5 ettin simulacra
  46 orc warriors
  3 alligator simulacra (IceCv)
  2 sky beasts
  A black bear (D:6)
  6 wolves (Lair:1)
  10 ogres
  12 centaurs
  2 phantoms
  A lemure (D:5)
  8 bullfrogs
  21 small abominations
  3 kobold brigands
  4 scorpions
  3 deep troll simulacra (IceCv)
  3 earth elementals
  3 gnoll sergeants
  8 wights
  5 killer bees (D:8)
  3 lindwurm simulacra (IceCv)
  5 howler monkeys
  2 electric eels (Lair:2)
  5 jellies
  3 lava snakes (Lair:3)
  A quasit (Abyss:1)
  8 hounds
  12 orc priests
  2 iron imps (Abyss:1)
  3 sleepcaps
  2 gnoll boudas
  7 iguanas
  Natasha (D:3)
  21 orc wizards
  5 hell rats (Lair:2)
  A mummy (D:9)
  34 gnolls
  12 adders
  A river rat (D:6)
  7 shadow imps
  4 white imps
  9 ufetubi
  2 worms
  2 dart slugs
  88 orcs
  14 ball pythons
  7 bats
  16 endoplasms
  13 giant cockroaches
  6 goblins
  9 hobgoblins
  A jackal (D:5)
  10 quokkas
  3 training dummies (Shoals:4)
  8 frilled lizards
  32 kobolds
  10 rats
  5 starspawn tentacles (Abyss:3)
2437 creatures vanquished.

Vanquished Creatures (collateral kills)
  An iron giant (Coc:2)
  A stone giant (Coc:2)
  A quicksilver ooze (Slime:5)
3 creatures vanquished.

Vanquished Creatures (others)
  A very ugly thing (IceCv)
  A wendigo (Coc:3)
  A quicksilver dragon skeleton (Vaults:3)
  A hell beast (Hell)
  A tengu warrior (Depths:3)
  A merfolk aquamancer (Shoals:4)
  2 deep trolls
  A wizard (Vaults:3)
  A deep elf pyromancer (Elf:1)
  A faun (Shoals:1)
  A water nymph (Abyss:3)
  A smoke demon (Depths:1)
  An anaconda simulacrum (Coc:3)
  2 large abominations (Abyss:3)
  A raiju (Abyss:3)
  A stone giant simulacrum (Coc:3)
  A water elemental (Abyss:3)
  A dire elephant simulacrum (Coc:3)
  A human (Shoals:4)
  6 golden eyes (Abyss:3)
  2 harpy simulacra (Coc:3)
  A hydra simulacrum (Coc:3)
  An ettin simulacrum (Depths:3)
  2 orc wizards (Orc:2)
  An orc (Orc:2)
  A lurking horror (Abyss:1)
  12 starspawn tentacles (Abyss:3)
47 creatures vanquished.

Grand Total: 2487 creatures vanquished

Notes
Turn   | Place    | Note
-------+----------+-------------------------------------------
     0 | D:1      | olmar the Armataur Fighter began the quest for the Orb.
     0 | D:1      | Reached XP level 1. HP: 19/19 MP: 1/1
   136 | D:1      | Found a faded altar of an unknown god.
   136 | D:1      | Noticed a crimson imp
   166 | D:1      | Reached XP level 2. HP: 26/26 MP: 2/2
   591 | D:2      | Reached XP level 3. HP: 33/33 MP: 3/3
   886 | D:2      | You fall into a shaft and drop 2 floors!
   894 | D:4      | Reached XP level 4. HP: 40/40 MP: 4/4
  1182 | D:3      | Found a radiant altar of Vehumet.
  1205 | D:3      | Noticed a phantom
  1223 | D:3      | Killed a phantom
  1224 | D:3      | Reached skill level 4 in Shields
  1224 | D:3      | Reached XP level 5. HP: 24/48 MP: 5/5
  1749 | D:3      | Found a stormy altar of Qazlal.
  1785 | D:3      | Noticed Natasha
  1791 | D:3      | Killed Natasha
  1792 | D:3      | Reached skill level 5 in Armour
  1933 | D:3      | Found Fexaoxoc's Weapon Shop.
  1999 | D:3      | Found a runed translucent door.
  2000 | D:3      | Noticed Crazy Yiuf
  2073 | D:3      | Reached XP level 6. HP: 49/54 MP: 6/6
  2730 | D:4      | Noticed a sky beast
  2739 | D:4      | Killed a sky beast
  2784 | D:4      | Reached skill level 5 in Maces & Flails
  2813 | D:4      | Found a staircase to the Ecumenical Temple.
  2822 | D:4      | Reached XP level 7. HP: 58/62 MP: 7/7
  2840 | Temple   | Entered the Ecumenical Temple
  3100 | D:4      | Found an ornate altar of the Wu Jian Council.
  3596 | D:4      | Found a shadowy altar of Dithmenos.
  4252 | D:5      | Entered Level 5 of the Dungeon
  4450 | D:5      | Noticed Pikel
  4467 | D:5      | Killed Pikel
  4468 | D:5      | Reached XP level 8. HP: 60/71 MP: 8/8
  4748 | D:5      | Found an iron altar of Okawaru.
  5024 | D:5      | Noticed a hornet
  5033 | D:5      | Killed a hornet
  5034 | D:5      | Reached skill level 1 in Stealth
  5243 | D:5      | Reached skill level 5 in Shields
  6045 | D:6      | Reached skill level 5 in Fighting
  6049 | D:6      | Reached XP level 9. HP: 55/79 MP: 9/9
  6157 | D:6      | Found a glowing drain.
  6184 | Sewer    | Entered a sewer
  7634 | D:6      | Found a glowing silver altar of Zin.
  7733 | D:7      | Found a glowing golden altar of the Shining One.
  8045 | D:7      | Found an opulent altar of Gozag.
  8056 | D:7      | Became a worshipper of Gozag Ym Sagoz the Greedy
  8115 | D:7      | Found a blossoming altar of Fedhas.
  8115 | D:7      | Found an ancient bone altar of Kikubaaqudgha.
  8144 | D:7      | Reached skill level 1 in Evocations
  8193 | D:7      | Noticed a hellwing
  8230 | D:7      | Killed a hellwing
  8231 | D:7      | Reached XP level 10. HP: 20/88 MP: 10/10
  8551 | D:7      | Reached skill level 6 in Shields
  8705 | D:7      | Reached skill level 10 in Armour
  9142 | D:7      | Reached skill level 10 in Maces & Flails
  9681 | D:8      | Found a sparkling altar of Nemelex Xobeh.
 10037 | D:8      | Noticed a two-headed ogre
 10053 | D:8      | Killed a two-headed ogre
 10514 | D:8      | Reached XP level 11. HP: 91/92 MP: 11/11
 10670 | D:9      | Identified 2 scrolls of acquirement
 10670 | D:9      | Acquired the +0 kite shield "Muan Foa" {Str+2}
 10703 | D:9      | Found a flagged portal.
 10716 | Bailey   | Entered a bailey
 10825 | Bailey   | Acquired the +6 lightning scales {swift, rElec}
 10825 | Bailey   | Found the +6 lightning scales {swift, rElec}
 11419 | D:9      | Found a shimmering blue altar of Sif Muna.
 11429 | D:9      | Found a staircase to the Lair.
 11469 | D:9      | Noticed a two-headed ogre
 11476 | D:9      | Killed a two-headed ogre
 11686 | D:9      | Found a snail-covered altar of Cheibriados.
 11872 | D:9      | Found a sacrificial altar of Ru.
 11982 | D:10     | Entered Level 10 of the Dungeon
 12063 | Lair:1   | Entered Level 1 of the Lair of Beasts
 12173 | Lair:1   | Reached skill level 7 in Shields
 12233 | Lair:1   | Got the Catalogue of Enchantment and Portals
 12449 | Lair:1   | Found a dark tunnel.
 12482 | Volcano  | Entered a volcano
 12829 | Lair:1   | Reached XP level 12. HP: 95/108 MP: 12/12
 12841 | Lair:1   | Reached skill level 8 in Shields
 13375 | Lair:1   | Found a runed translucent gate.
 13377 | Lair:1   | Found a runed translucent gate.
 13377 | Lair:1   | Found a runed translucent gate.
 13379 | Lair:1   | Noticed Cyfinlor's ghost (novice SpEn)
 13379 | Lair:1   | Noticed Rudyous's ghost (journeyman OpFE)
 14168 | Lair:2   | Noticed a death yak
 14169 | Lair:2   | Noticed a death yak
 14169 | Lair:2   | Noticed a death yak
 14170 | Lair:2   | Noticed a death yak
 14170 | Lair:2   | Noticed a death yak
 14201 | Lair:2   | Killed a death yak
 14202 | Lair:2   | Reached skill level 9 in Shields
 14208 | Lair:2   | Killed a death yak
 14216 | Lair:2   | Killed a death yak
 14223 | Lair:2   | Killed a death yak
 14235 | Lair:2   | Killed a death yak
 14841 | Lair:2   | Found a white marble altar of Elyvilon.
 15142 | Lair:2   | Reached XP level 13. HP: 69/117 MP: 13/13
 15795 | Lair:3   | Reached skill level 10 in Shields
 15881 | Lair:3   | Found a staircase to the Snake Pit.
 15943 | Lair:3   | Found a staircase to the Shoals.
 17211 | Lair:4   | Noticed a quicksilver ooze
 17221 | Lair:4   | Killed a quicksilver ooze
 17776 | Lair:4   | Reached skill level 11 in Shields
 18245 | Lair:4   | Found a staircase to the Slime Pits.
 18362 | Lair:5   | Entered Level 5 of the Lair of Beasts
 18364 | Lair:5   | Noticed Sonja
 18370 | Lair:5   | Killed Sonja
 18394 | Lair:5   | Reached skill level 10 in Fighting
 19173 | Lair:5   | Reached XP level 14. HP: 119/129 MP: 12/14
 19765 | Lair:5   | Reached skill level 12 in Shields
 20368 | Lair:5   | Found a corrupted altar of Lugonu.
 20368 | Lair:5   | Found a one-way gate to the infinite horrors of the Abyss.
 21272 | D:10     | Bought a pair of scorched gloves for 361 gold pieces
 21272 | D:10     | Identified the +0 pair of gloves of the Desolation of Salt
                  | {*Corrode Fly rElec rF+} (You bought it in a shop on level
                  | 10 of the Dungeon)
 21280 | D:10     | Bought a fading eveningstar for 640 gold pieces
 21280 | D:10     | Identified the +6 eveningstar "Raonaxemn" {drain, Str+5
                  | Int-5} (You bought it in a shop on level 10 of the Dungeon)
 22573 | D:11     | Reached skill level 13 in Shields
 22857 | D:12     | Identified the +1 chain mail of Boiling Hail {Str-3 Int+7}
 22890 | D:12     | Reached skill level 15 in Maces & Flails
 23206 | D:12     | Found a staircase to the Orcish Mines.
 23274 | Orc:1    | Entered Level 1 of the Orcish Mines
 24296 | Orc:2    | Entered Level 2 of the Orcish Mines
 24307 | Orc:2    | Found a staircase to the Elven Halls.
 24435 | Orc:2    | Found Figetuq's Jewellery Emporium.
 24507 | Orc:2    | Paralysed by an orc sorcerer for 2 turns
 24591 | Orc:2    | Found Idyn's General Store.
 24653 | Orc:2    | Noticed an orc warlord
 24663 | Orc:2    | Noticed an orc warlord
 24895 | Orc:1    | Killed an orc warlord
 24958 | Orc:1    | Reached XP level 15. HP: 139/139 MP: 15/15
 25193 | Orc:2    | Found Payffib's Antique Weapon Shoppe.
 25306 | Orc:2    | Found Yqucrirch's Antique Armour Shoppe.
 25953 | D:13     | Found a blossoming altar of Fedhas.
 26834 | D:14     | Noticed Frances
 26842 | D:14     | Killed Frances
 26924 | D:14     | Found a gate to the Vaults.
 27144 | D:14     | Reached skill level 14 in Shields
 27360 | D:15     | Entered Level 15 of the Dungeon
 27434 | D:15     | Found a gate leading to a gauntlet.
 27436 | D:15     | Noticed Rupert
 27438 | Gauntlet | Entered a Gauntlet
 27438 | Gauntlet | Found a transporter.
 27438 | Gauntlet | Found a transporter.
 27441 | Gauntlet | Found a transporter.
 27441 | Gauntlet | Found a transporter.
 27443 | Gauntlet | Found a transporter.
 27459 | Gauntlet | Found a transporter.
 27464 | Gauntlet | Found a transporter.
 27498 | Gauntlet | Found a transporter.
 27501 | Gauntlet | Found a transporter.
 27501 | Gauntlet | Found a transporter.
 27519 | Gauntlet | Found a transporter.
 27519 | Gauntlet | Found the +3 crown of Dyrovepreva {rElec Int+2 SInv}
 27535 | Gauntlet | Found a transporter.
 27546 | Gauntlet | Found a transporter.
 27560 | Gauntlet | Found a transporter.
 27840 | Gauntlet | Identified the amulet of Dago {Acrobat Harm Str+2 SInv
                  | Stlth+}
 27900 | Gauntlet | Identified the amulet of the Amorous Mangosteen {RegenMP
                  | Rampage rN+++ Will- Regen+}
 27928 | Gauntlet | Got the Spellbook of Shaping
 27947 | D:15     | Killed Rupert
 28047 | D:15     | Found a frozen archway.
 28053 | IceCv    | Entered an ice cave
 28762 | IceCv    | Found an ancient bone altar of Kikubaaqudgha.
 28827 | IceCv    | Reached skill level 15 in Armour
 29667 | D:15     | Reached XP level 16. HP: 134/150 MP: 16/16
 29741 | D:15     | Noticed Josephine
 29758 | D:15     | Reached skill level 15 in Shields
 29769 | D:15     | Killed Josephine
 29883 | D:15     | Found a staircase to the Depths.
 30456 | Elf:1    | Entered Level 1 of the Elven Halls
 30530 | Elf:1    | Paralysed by an air elemental for 1 turns
 30785 | Elf:1    | Got the Compendium of the Well-Done Nimbus
 30788 | Elf:1    | Identified the staff "Zaidgh" {rPois SInv Poison}
 31381 | Elf:1    | Found Teaca's Magic Scroll Emporium.
 31391 | Elf:1    | Bought a scroll of butterflies for 68 gold pieces
 31391 | Elf:1    | Bought a scroll of identify for 34 gold pieces
 31391 | Elf:1    | Bought a scroll of identify for 34 gold pieces
 31391 | Elf:1    | Bought a scroll of identify for 34 gold pieces
 31391 | Elf:1    | Bought a scroll of identify for 34 gold pieces
 31814 | Elf:1    | Identified the ring "Gyedad" {rElec Str+6 Int+3}
 31882 | Elf:1    | Identified the +1 leather armour of the Garden {rElec rC+
                  | Str+4 Dex-5}
 32000 | Elf:2    | Noticed Aizul
 32019 | Elf:2    | Killed Aizul
 32413 | Elf:2    | Got the Quarto of the Catacomb and the Wyrd
 32456 | Elf:2    | Found a runed translucent gate.
 32458 | Elf:2    | Found a runed translucent gate.
 32458 | Elf:2    | Found a runed translucent gate.
 32671 | Elf:2    | Paralysed by an air elemental for 1 turns
 32854 | Elf:2    | Found an ancient bone altar of Kikubaaqudgha.
 33145 | Elf:2    | Bought a scorched hat for 234 gold pieces
 33145 | Elf:2    | Identified the +1 hat of Ashenzari's Esteem {rPois Int+6
                  | Slay-3} (You bought it in a shop on level 2 of the Elven
                  | Halls)
 33146 | Elf:2    | Upgraded the game from 0.31-a0-196-g86fe4a5e66 to
                  | 0.31-a0-198-g2ad674f65e
 33162 | Elf:3    | Entered Level 3 of the Elven Halls
 33307 | Elf:3    | Reached XP level 17. HP: 162/162 MP: 17/17
 33453 | Elf:3    | Reached skill level 16 in Shields
 33969 | Elf:3    | Noticed a deep elf blademaster
 33982 | Elf:3    | Killed a deep elf blademaster
 33994 | Elf:3    | Noticed a deep elf blademaster
 34000 | Elf:3    | Killed a deep elf blademaster
 34657 | Elf:3    | Identified the ring of Birdsong {Wiz *Slow rElec Int+7}
 34712 | Elf:3    | Identified the +9 hand axe of Pit Ory {drain, rPois rN++
                  | Str-2 SInv}
 34763 | Elf:3    | Noticed a deep elf blademaster
 34805 | Elf:3    | Killed a deep elf blademaster
 34853 | Elf:3    | Noticed a deep elf master archer
 34880 | Elf:3    | Killed a deep elf master archer
 34949 | Elf:3    | Noticed a deep elf master archer
 35173 | Elf:3    | Noticed a deep elf blademaster
 35207 | Elf:3    | Killed a deep elf blademaster
 35475 | Elf:3    | Killed a deep elf master archer
 35483 | Elf:3    | Identified the +13 plate armour "Onnouny" {Regen+ Int+3}
 35538 | Elf:3    | Identified the +5 dagger of the Enemy {venom, rElec rF+
                  | Dex-4}
 35538 | Elf:3    | Identified the ring "Nova" {Fire rN+}
 35702 | Elf:3    | Got the Spellbook of Guile
 35713 | Elf:3    | Got Gloorx Vloq's Spellbook of Impure Spectres
 35717 | Elf:3    | Identified the +1 pair of gloves of Narrow Surprise {Harm
                  | Int+3}
 35762 | Elf:3    | Identified the amulet "Viomy" {Acrobat rElec Will- Int+3}
 36117 | Elf:3    | Noticed a deep elf master archer
 36127 | Elf:3    | Killed a deep elf master archer
 36194 | Elf:3    | Reached skill level 15 in Fighting
 36287 | Elf:3    | Got Dispater's Grimoire of Production
 36334 | Elf:3    | Identified the staff "Widowermaker" {rC+ Str+2 Ice}
 36540 | Elf:2    | Bought faintly glowing gold dragon scales for 2720 gold
                  | pieces
 36540 | Elf:2    | Identified the +0 gold dragon scales of Posubb {rPois rF+
                  | rC+ Int+3} (You bought it in a shop on level 2 of the Elven
                  | Halls)
 37178 | Elf:2    | Reached XP level 18. HP: 163/174 MP: 18/18
 37570 | Depths:1 | Entered Level 1 of the Depths
 37582 | Depths:1 | Reached skill level 17 in Shields
 37698 | Depths:1 | Found a portal to a secret trove of treasure.
 37760 | Depths:1 | Found a transporter.
 37760 | Depths:1 | Found a transporter.
 37764 | Depths:1 | Found a transporter.
 37765 | Depths:1 | Found a transporter.
 38174 | Depths:1 | Found a gateway to Hell.
 38896 | Depths:1 | You fall into a shaft and drop 1 floor!
 38896 | Depths:2 | Found a one-way gate leading to the halls of Pandemonium.
 39046 | Depths:2 | Noticed Sojobo
 39053 | Depths:2 | Noticed the Enchantress
 39159 | Depths:2 | Killed the Enchantress
 39236 | Depths:2 | Killed Sojobo
 40485 | Depths:2 | Reached XP level 19. HP: 184/184 MP: 19/19
 41082 | Orc:2    | Bought the ring of the Peasants {Will++ rCorr MP+9 Stlth-}
                  | for 587 gold pieces
 41334 | Snake:1  | Entered Level 1 of the Snake Pit
 41515 | Snake:1  | Found Iriam's Weapon Shop.
 41536 | Snake:1  | Noticed Asterion
 41555 | Snake:1  | Killed Asterion
 41563 | Snake:1  | Reached skill level 18 in Shields
 43533 | Snake:2  | Found a transporter.
 43534 | Snake:2  | Noticed Omirghalokh's ghost (adept DrCj)
 43543 | Snake:2  | Found a transporter.
 43564 | Snake:2  | Acquired 781 gold pieces
 43573 | Snake:2  | Found Diuletu's Jewellery Shoppe.
 43579 | Snake:2  | Found Pivat's Book Boutique.
 43580 | Snake:2  | Found Fixeash's Jewellery Shoppe.
 44343 | Snake:3  | Found Vobrem's Magic Scroll Shop.
 44385 | Snake:3  | Bought a scroll of fog for 80 gold pieces
 44385 | Snake:3  | Bought a scroll of fog for 80 gold pieces
 44385 | Snake:3  | Bought a scroll of revelation for 150 gold pieces
 44385 | Snake:3  | Bought a scroll of revelation for 150 gold pieces
 44385 | Snake:3  | Bought a scroll of teleportation for 60 gold pieces
 44385 | Snake:3  | Bought a scroll of enchant armour for 150 gold pieces
 44970 | Snake:4  | Entered Level 4 of the Snake Pit
 45320 | Snake:4  | Identified the +0 ring mail "Gyuntakk" {rF+ Regen+ Dex-2}
 45540 | Snake:4  | Reached skill level 19 in Shields
 45748 | Snake:4  | Reached XP level 20. HP: 172/196 MP: 20/20
 46140 | Snake:4  | Got a serpentine rune of Zot
 46549 | Shoals:1 | Entered Level 1 of the Shoals
 46709 | Shoals:1 | Identified the +0 leather armour of Shadows and Fog {*Slow
                  | Str+4 Int+7}
 48663 | Shoals:4 | Entered Level 4 of the Shoals
 48669 | Shoals:4 | Noticed Roxanne
 48690 | Shoals:4 | Reached skill level 20 in Shields
 48828 | Shoals:4 | Killed Roxanne
 48914 | Shoals:4 | Found Cureqah's Weapon Emporium.
 49059 | Shoals:4 | Noticed Mara
 49066 | Shoals:4 | Noticed olmar's illusion
 49098 | Shoals:4 | Killed Mara
 49345 | Shoals:4 | Got a barnacled rune of Zot
 49532 | Shoals:4 | Reached XP level 21. HP: 164/208 MP: 21/21
 49554 | Shoals:4 | Noticed Kirke
 49576 | Shoals:4 | Killed Kirke
 49839 | Shoals:4 | Found Lois's Firing Range.
 50156 | Slime:1  | Entered Level 1 of the Pits of Slime
 50855 | Slime:2  | Gained mutation: You occasionally shout uncontrollably at
                  | your foes. [a shining eye]
 50856 | Slime:2  | Gained mutation: You are dopey. (Int -2) [a shining eye]
 51331 | Slime:3  | Gained mutation: You are very dopey. (Int -4) [a shining
                  | eye]
 51768 | Slime:4  | Paralysed by a formless jellyfish for 1 turns
 51779 | Slime:4  | Gained mutation: You are clumsy. (Dex -2) [a shining eye]
 51783 | Slime:4  | Gained mutation: You sometimes lose your temper in combat.
                  | [a shining eye]
 51784 | Slime:4  | Gained mutation: You are frail. (-10% HP) [a shining eye]
 52225 | Slime:5  | Entered Level 5 of the Pits of Slime
 52460 | Slime:5  | Reached skill level 21 in Shields
 52627 | Slime:5  | Gained mutation: You are very frail. (-20% HP) [a shining
                  | eye]
 52784 | Slime:5  | Noticed the Royal Jelly
 53054 | Slime:5  | Found a viscous altar of Jiyva.
 53054 | Slime:5  | Found the amulet of Vitality {RegenMP++ Regen++}
 53337 | Slime:5  | Killed the Royal Jelly
 53742 | Slime:5  | Identified the +1 fire dragon scales of the Valley of Death
                  | {-Tele rF++ rC- rN+++ Dex+5}
 53755 | Slime:5  | Got a slimy rune of Zot
 53756 | Slime:5  | Identified the +0 leather armour of Wariness {rF+}
 53788 | Slime:5  | Identified the amulet "Puisorgh" {rF+ Regen+}
 53802 | Slime:5  | Identified the +9 chain mail of Grot {Regen+ Str-3 Slay+5
                  | Stlth+}
 53810 | Slime:5  | Identified the ring "Fouphuq" {Int+5 SInv}
 53878 | Slime:3  | Gained mutation: You occasionally lose the ability to drink
                  | potions when taking damage. [a shining eye]
 53891 | Slime:3  | Gained mutation: You are weak. (Str -2) [a shining eye]
 53897 | Slime:3  | Lost mutation: You are very frail. (-20% HP) [a shining
                  | eye]
 54796 | Vaults:1 | Entered Level 1 of the Vaults
 55044 | Vaults:1 | Reached XP level 22. HP: 146/199 MP: 22/22
 56655 | Vaults:2 | Reached skill level 22 in Shields
 57207 | Vaults:2 | Identified the +6 quarterstaff "Buust" {spect, rElec rC+
                  | Str+4 Dex-2}
 57668 | Vaults:3 | Found Qydaixug's Armour Boutique.
 57813 | Vaults:3 | Paralysed by a formless jellyfish for 1 turns
 58229 | Vaults:3 | You fall into a shaft and drop 1 floor!
 58891 | Vaults:4 | Noticed Saint Roka
 58914 | Vaults:4 | Killed Saint Roka
 58919 | Vaults:4 | Reached XP level 23. HP: 199/209 MP: 23/23
 59394 | Vaults:4 | Found Goaxkim's Antique Weapon Shoppe.
 59649 | Vaults:5 | Entered Level 5 of the Vaults
 59694 | Vaults:3 | Noticed Nikola
 59705 | Vaults:3 | Killed Nikola
 60016 | Vaults:3 | Noticed Frederick
 60032 | Vaults:3 | Killed Frederick
 60435 | Vaults:3 | Found a staircase to the Crypt.
 60853 | Depths:3 | Found a stormy altar of Qazlal.
 60858 | Depths:3 | Found a basalt altar of Yredelemnul.
 60867 | Depths:3 | Reached skill level 23 in Shields
 60986 | Depths:3 | Identified the +2 flail of Woe {drain, *Slow rPois Will+}
 61316 | Depths:3 | Found a broken altar of Ashenzari.
 61318 | Depths:3 | Found a one-way gateway to a ziggurat.
 61333 | Depths:3 | Noticed a juggernaut
 61338 | Depths:3 | Found a sparkling altar of Nemelex Xobeh.
 61877 | Depths:3 | Lost mutation: You are very dopey. (Int -4) [potion of
                  | mutation]
 61877 | Depths:3 | Lost mutation: You are clumsy. (Dex -2) [potion of
                  | mutation]
 61877 | Depths:3 | Lost mutation: You sometimes lose your temper in combat.
                  | [potion of mutation]
 61877 | Depths:3 | Lost mutation: You are frail. (-10% HP) [potion of
                  | mutation]
 61877 | Depths:3 | Gained mutation: You have large cloven feet. [potion of
                  | mutation]
 61877 | Depths:3 | Gained mutation: Your flesh is heat resistant. (rF+)
                  | [potion of mutation]
 61877 | Depths:3 | Gained mutation: You are strong-willed. (Will+) [potion of
                  | mutation]
 61917 | Depths:3 | Killed a juggernaut
 62065 | Depths:3 | Identified the +4 dagger "Ogrebane" {spect, Fly rF- rC+++
                  | Stlth+}
 62278 | Depths:3 | Reached XP level 24. HP: 243/243 MP: 23/23
 62409 | Depths:3 | Noticed Parghit
 62621 | Depths:3 | Reached skill level 1 in Throwing
 63199 | Depths:4 | Entered Level 4 of the Depths
 63413 | Depths:4 | Reached skill level 24 in Shields
 63621 | Depths:4 | Found an iron altar of Okawaru.
 63664 | Depths:4 | Found Urchonos's Antique Weapon Boutique.
 64086 | Depths:4 | Found a gate to the Realm of Zot.
 64334 | Depths:1 | Voluntarily entered the Abyss.
 64367 | Abyss:1  | Found a shadowy altar of Dithmenos.
 64449 | Abyss:1  | Found a corrupted altar of Lugonu.
 64626 | Abyss:1  | Gained mutation: Your body sometimes deteriorates upon
                  | taking damage. [a shining eye]
 64713 | Abyss:1  | Found a corrupted altar of Lugonu.
 64725 | Abyss:2  | Found a corrupted altar of Lugonu.
 64944 | Abyss:2  | Found a corrupted altar of Lugonu.
 65336 | Abyss:2  | Found a corrupted altar of Lugonu.
 65870 | Abyss:3  | Found a corrupted altar of Lugonu.
 65934 | Abyss:3  | Gained mutation: Your spells are a little easier to cast,
                  | but a little less powerful. [a neqoxec]
 65936 | Abyss:3  | Gained mutation: You are very weak. (Str -4) [a neqoxec]
 65937 | Abyss:3  | Gained mutation: You are very dopey. (Int -4) [a neqoxec]
 65984 | Abyss:3  | Noticed an ancient lich
 66013 | Abyss:3  | Gained mutation: You sometimes lose your temper in combat.
                  | [a neqoxec]
 66031 | Abyss:3  | Killed an ancient lich
 66214 | Abyss:3  | Got an abyssal rune of Zot
 66405 | Depths:1 | Escaped the Abyss
 66467 | Hell     | Entered the Vestibule of Hell
 66467 | Hell     | Noticed Geryon
 66485 | Hell     | Killed Geryon
 66496 | Hell     | Reached skill level 25 in Shields
 66502 | Hell     | Noticed Murray
 66786 | Depths:1 | Killed Murray
 66855 | Hell     | Reached XP level 25. HP: 161/245 MP: 22/23
 67626 | Hell     | Found a gateway to the freezing wastes of Cocytus.
 67719 | Hell     | Found a gateway to the decaying netherworld of Tartarus.
 67841 | Hell     | Found a gateway to the ashen valley of Gehenna.
 68075 | Hell     | Found a gateway to the Iron City of Dis.
 68263 | Hell     | Bought a faintly glowing cloak for 351 gold pieces
 68263 | Hell     | Identified the +2 cloak "Queschai" {+Inv} (You bought it in
                  | a shop in the Vestibule of Hell)
 68263 | Hell     | Bought a shiny helmet for 277 gold pieces
 68398 | Coc:1    | Entered Level 1 of Cocytus
 68507 | Coc:2    | Noticed a juggernaut
 68528 | Coc:2    | Killed a juggernaut
 68554 | Coc:2    | Noticed a juggernaut
 68575 | Coc:2    | Killed a juggernaut
 68662 | Coc:2    | Noticed a juggernaut
 68673 | Coc:2    | Killed a juggernaut
 68708 | Coc:2    | Noticed a juggernaut
 68749 | Coc:2    | Killed a juggernaut
 68905 | Coc:2    | Noticed a juggernaut
 68929 | Coc:2    | Killed a juggernaut
 68947 | Coc:2    | Noticed a juggernaut
 68963 | Coc:2    | Killed a juggernaut
 69058 | Coc:2    | Reached skill level 26 in Shields
 69164 | Coc:3    | HP: 10/256 [drowned by a water elemental[an elemental
                  | wellspring] (6)]
 69165 | Coc:3    | HP: 3/256 [drowned by a water elemental[an elemental
                  | wellspring] (6)]
 69166 | Coc:3    | Drowned by a water elemental

Illustrated notes

Levels and vault maps discovered:
D:1:      dpeg_arrival_snail, layout_rooms,
          dreamdust_ecumenical_altar_sealed_demon, serial_bayou_ford_a
D:2:      layout_loops_ring, item_on_display_a
D:3:      layout_basic, mainiacjoe_overflow_paths, grunt_qazlal_clouds,
          serial_shops, nicolae_shop_bloodbath_and_beyond, minivault_11,
          nrook_loot_triangle, uniq_crazy_yiuf_cottage, uniq_natasha
D:4:      layout_basic, nicolae_wu_jian_immortal_techniques,
          grunt_dithmenos_smoke, minmay_temple_entry_large_hall
D:5:      minmay_bubble_buster, layout_loops_ring, kennysheep_little_box,
          kennysheep_path_1, hangedman_abyss_or_decor_lesser_grid, uniq_pikel
D:6:      layout_loops_cross, lemuel_doored_altar, portal_sewer_entry_b,
          serial_park_tiny_pond
D:7:      cheibrodos_grave_circle, layout_rooms,
          grunt_temple_overflow_growth_and_decay, grunt_gozag_breadcrumbs,
          mainiacjoe_overflow_cross_hatched, roderic_roman_lattice,
          serial_bayou_crossing
D:8:      layout_gridville, mainiacjoe_overflow_concentric_impassable
D:9:      layout_roguey, slow_altar_2, nicolae_sif_muna_condensation,
          nicolae_ru_great_annihilating_truth, lair_entry_dummy, enter_bailey_2
D:10:     layout_gridville, chequers_serial_rivers_room_b,
          kennysheep_small_square
D:11:     layout_loops_ring, minivault_22
D:12:     layout_gridville, minmay_orc_entry_temple_small
D:13:     layout_roguey, fedhas_bush_and_centaur_altar
D:14:     layout_gridville, david_vaults_5, chequers_serial_rivers_small_b,
          st_stairs_5, uniq_frances
D:15:     hangedman_depths_entry_try_elsewhere_first, layout_basic,
          portal_ice_cave_entry_horrid_things, gauntlet_entry_generic,
          uniq_josephine, uniq_rupert
Temple:   hellmonk_temple_of_storms
Lair:1:   layout_loops_ring, enter_volcano_3, gammafunk_ghost_cemetery,
          wad_woods_road_03, grunt_megastairs_4
Lair:2:   layout_regular_city, serial_bayou, serial_bayou_shore_a,
          serial_bayou_lagoon_a, serial_bayou_pond_e, serial_bayou_shore_b,
          lemuel_centaur_altar
Lair:3:   layout_misc_corridors, elwin_shoals_entry_stream,
          nicolae_snake_entry_warm_welcome, chequers_serial_rivers_large_a,
          st_stairs_6, serial_bayou_pond_b
Lair:4:   layout_regular_city, minmay_slime_entry_oklob_enclosed,
          nicolae_lair_time_for_slime
Lair:5:   hellmonk_lair_end_abyssal_woods, layout_regular_city, uniq_sonja
Shoals:1: layout_shoals, nicolae_shoals_lost_giant_hut,
          nicolae_shoals_raging_river
Shoals:2: layout_shoals, nicolae_shoals_drake_roost
Shoals:3: layout_shoals, regret_index_shoals_crete
Shoals:4: shoals_end_grunt_ice, layout_shoals, serial_shops, shop_coins,
          nicolae_shop_firing_range, uniq_roxanne, uniq_mara, uniq_kirke
Snake:1:  minmay_snake_river, layout_layer_cave, serial_shops, shop,
          grunt_megastairs_1, uniq_asterion
Snake:2:  layout_cave_town, gammafunk_ghost_arena, minmay_shop_grove
Snake:3:  layout_rooms, serial_shops, shop, st_stairs_3, grunt_megastairs_3,
          lemuel_fruit_tree, serial_bayou_shore_b
Snake:4:  grunt_snake_rune_pools, layout_basic
Slime:1:  layout_caves, basic_altar
Slime:2:  nicolae_slime_infinislime, layout_caves
Slime:3:  layout_caves, basic_altar
Slime:4:  layout_caves
Slime:5
Orc:1:    layout_diamond_mine, mines_bat_river
Orc:2:    grunt_orc_gardens, layout_caves, grunt_orc_garden, grunt_orc_garden,
          grunt_orc_garden, grunt_orc_garden
Elf:1:    minmay_the_grid_four_pointed_star
          [minmay_the_grid_triangle_9x9_negative_grid,
          minmay_the_grid_triangle_9x9_limited_checkers,
          minmay_the_grid_triangle_9x9_odd_lines,
          minmay_the_grid_triangle_9x9_swiss_cheese,
          minmay_the_grid_prize_diamond_cup], layout_rooms, serial_shops,
          nicolae_shop_tiny_real_fake_doors, hangedman_elf_represent
Elf:2:    elven_hall_of_blades_hangedman_original
          [nicolae_blade_entry_antechamber], layout_onion_city, basic_altar,
          uniq_aizul
Elf:3:    nooodl_elf_gasket, layout_rooms
Vaults:1: nicolae_vaults_rhombus_7, hangedman_vaults_impose,
          nicolae_vaults_shipping_containers_1, nicolae_vaults_little_ls,
          nicolae_vaults_three_branches, ontoclasm_vaults_loading_screen,
          nicolae_vaults_house_1, nicolae_vaults_stairing_the_circle,
          nicolae_vaults_little_squares_6, vaults_standard_mumra_x,
          vaults_room_hallway, ontoclasm_vaults_twist, layout_vaults_big_room
Vaults:2: nicolae_vaults_apartment_1, nicolae_vaults_shipping_containers_2,
          nicolae_vaults_trapezoid_lopsided_4, ontoclasm_vaults_shuriken,
          nicolae_vaults_wine_cellar, nicolae_vaults_closet_pinwheel_3,
          v_misc_2, v_pattern_3, nicolae_vaults_theta,
          hangedman_vaults_restitches, vaults_room_pool,
          nicolae_vaults_sesquioval_fish, layout_vaults_quadrants
Vaults:3: hangedman_vaults_corner, nicolae_vaults_shelves_hall,
          minmay_crypt_entry_simple_sparse, nicolae_vaults_trapezoid_layered,
          nicolae_vaults_ninety_degrees, ontoclasm_vaults_eye,
          nicolae_vaults_hallways_thing, nicolae_vaults_holding_cells,
          nicolae_vaults_house_2, nicolae_vaults_trapezoid_lopsided_3,
          nicolae_vaults_surprise_closet, nicolae_vaults_specimen_jars,
          hangedman_vaults_restitches, nicolae_vaults_diagonal_hallway_6,
          layout_vaults_omnicross, serial_shops, shop, uniq_frederick,
          uniq_nikola
Vaults:4: nicolae_vaults_security_offices_6, hangedman_vaults_locks,
          ontoclasm_vaults_spin, nicolae_vaults_network_s, grunt_vaults_funnel,
          nicolae_vaults_diamond_2, grunt_vaults_swirl, v_misc_33,
          nicolae_vaults_trapezoid_lopsided_4, nicolae_vaults_trapezoid_4,
          vaults_room_fancy_cross, grunt_vaults_diagonal,
          nicolae_vaults_variable_pillar_hall, nicolae_vaults_diamond_2,
          layout_vaults_ring, serial_shops, nicolae_shop_hallway_stairs,
          uniq_saint_roka
Vaults:5
Depths:1: layout_basic, hell_entry, abyss_entry, enter_trove_1,
          chequers_serial_rivers_marsh, nicolae_diode_quadrants,
          infiniplex_staircase_pool_lava
Depths:2: nicolae_cairo_tiling_large_dashed, layout_gridlike, hell_entry,
          infiniplex_staircase_zigzag_1, rand_demon_pan_entry_8, firewood_loft,
          uniq_enchantress, uniq_sojobo
Depths:3: grunt_profane_halls [grunt_profane_temple_coc,
          grunt_profane_temple_tar, grunt_profane_temple_dis,
          grunt_profane_temple_geh, grunt_profane_loot], abyss_entry, pan_entry,
          hell_entry, uniq_parghit
Depths:4: grunt_twist_and_shout, layout_basic, dk_noncrumbling_3, hell_entry,
          serial_shops, nicolae_shop_window_shopping,
          kennysheep_okawaru_gauntlet
Hell
Coc:1:    nicolae_coc_icebeans_plural [nicolae_sub_coc_subbean,
          nicolae_sub_coc_subbean, nicolae_sub_coc_subbean,
          nicolae_sub_coc_subbean], layout_cocytus_water_paths
Coc:2:    nicolae_hells_titanomachy
Coc:3:    layout_cocytus_water_paths

Skill      XL: |  1  2  3  4  5  6  7  8  9 10 11 12 13 14 15 16 17 18 19 20 21 22 23 24 25 |
---------------+----------------------------------------------------------------------------+-----
Maces & Flails | 2 3 4 5 6 7 9 10 12 13 14 15 16 17 18 19 20 21 22 23 24 | 24.2
Fighting       | 3 4 5 6 7 8 10 11 12 14 15 16 17 18 19 20 21 22 | 22.8
Armour         | 4 5 6 8 9 11 12 13 14 15 16 17 18 19 20 21 22 23 | 23.1
Shields        | 4 5 6 7 9 11 13 14 15 16 17 19 20 21 22 23 25 26 | 26.0
Stealth        | 1 3 4 |  4.8
Evocations     | 1 2 3 4 |  4.5
Throwing       | 4 |  4.1

Action                     |  1- 3 |  4- 6 |  7- 9 | 10-12 | 13-15 | 16-18 | 19-21 | 22-24 | 25-27 || total
---------------------------+-------+-------+-------+-------+-------+-------+-------+-------+-------++-------
  Melee: Flail             |    72 |   137 |   546 |   212 |       |       |       |       |       ||   967
         Tailslap          |     6 |    20 |    78 |   125 |   289 |   152 |   355 |   440 |   172 ||  1637
         Mace              |       |       |       |   586 |   758 |       |       |       |       ||  1344
         Eveningstar       |       |       |       |       |   805 |  1031 |  1984 |  2202 |   606 ||  6628
         Kick              |       |       |       |       |       |       |       |   391 |   361 ||   752
         Demon whip        |       |       |       |       |       |       |       |   107 |       ||   107
  Throw: Boomerang         |       |       |       |     6 |       |       |       |       |       ||     6
         Dart              |       |       |       |     6 |    13 |     3 |     1 |     6 |       ||    29
         Javelin           |       |       |       |       |       |       |     2 |     2 |       ||     4
 Invoke: Call Merchant     |       |       |       |       |     2 |     3 |       |       |     5 ||    10
         Potion Petition   |       |       |       |       |       |     1 |       |     4 |     1 ||     6
  Evoke: Wand              |       |       |    18 |     4 |     9 |     2 |       |    12 |     8 ||    53
         Lightning rod     |       |       |       |     4 |     4 |       |     4 |     6 |     2 ||    20
         Box of beasts     |       |       |       |       |       |       |     1 |     2 |     1 ||     4
         Phantom mirror    |       |       |       |       |       |       |     1 |     2 |     1 ||     4
    Use: Potion            |       |       |     4 |     4 |     2 |     6 |     4 |     8 |       ||    28
         Scroll            |       |       |     8 |    15 |     7 |     7 |    10 |    11 |     1 ||    59
   Stab: Paralysed         |       |       |     9 |       |     4 |       |       |       |       ||    13
         Fleeing           |       |       |     1 |       |       |       |       |       |       ||     1
         Invisible         |       |       |       |     3 |     9 |       |       |     1 |       ||    13
         Distracted        |       |       |       |     4 |     9 |     5 |    10 |    19 |     2 ||    49
         Sleeping          |       |       |       |     1 |       |       |       |       |       ||     1
         Petrified         |       |       |       |       |    22 |       |       |       |       ||    22
         Petrifying        |       |       |       |       |     1 |       |       |       |       ||     1
 Armour: Scale mail        |    28 |       |       |   172 |   311 |       |       |       |       ||   511
         Chain mail        |     2 |    37 |       |       |       |       |       |       |       ||    39
         Plate armour      |       |    57 |   391 |   198 |       |       |       |       |       ||   646
         Ring mail         |       |       |       |    50 |       |       |       |       |       ||    50
         Pearl dragon scal |       |       |       |       |   414 |       |       |       |       ||   414
         Crystal plate arm |       |       |       |       |    12 |   391 |  1010 |  1252 |   471 ||  3136
  Dodge: Dodged            |    24 |    28 |   134 |   360 |   475 |   183 |   736 |   944 |   276 ||  3160
         Repelled          |       |       |       |       |       |       |    20 |     4 |       ||    24
  Block: Buckler           |    17 |    25 |   134 |    62 |       |       |       |       |       ||   238
         Kite shield       |       |       |       |   251 |   759 |   352 |  1184 |  1548 |   519 ||  4613

Table legend: (Time is in decaauts)
 A = Elapsed time spent in this place.
 B = Non-inter-level travel time spent in this place.
 C = Inter-level travel time spent in this place.
 D = Time resting spent in this place.
 E = Time spent auto-exploring this place.
 F = Levels seen in this place.
 G = Mean time per level.
                   A        B        C        D        E       F      G
               +--------+--------+--------+--------+--------+-----+--------+
         Total |  64745 |  61606 |   3139 |  12584 |  33193 |  60 | 1079.1 |
       Dungeon |  15953 |  14757 |   1196 |   1803 |   9980 |  15 | 1063.5 |
        Temple |    177 |    177 |      0 |      0 |    137 |   1 |  177.0 |
          Lair |   8662 |   8200 |    462 |   1184 |   5089 |   5 | 1732.4 |
        Shoals |   3114 |   2999 |    115 |    249 |   1863 |   4 |  778.5 |
     Snake Pit |   4633 |   4467 |    166 |    450 |   3024 |   4 | 1158.2 |
    Slime Pits |   3979 |   3819 |    160 |   1038 |   1666 |   5 |  795.8 |
  Orcish Mines |   2109 |   1955 |    154 |    413 |   1051 |   2 | 1054.5 |
   Elven Halls |   6719 |   6569 |    150 |   2997 |   2116 |   3 | 2239.7 |
        Vaults |   5315 |   5090 |    225 |    409 |   3553 |   5 | 1063.0 |
        Depths |   7451 |   7053 |    398 |   2658 |   2612 |   4 | 1862.8 |
          Hell |    963 |    870 |     93 |     54 |    394 |   1 |  963.0 |
       Cocytus |    683 |    667 |     16 |    116 |    204 |   3 |  227.7 |
         Abyss |   1816 |   1816 |      0 |     43 |    767 |   3 |  605.3 |
         Sewer |    449 |    449 |      0 |      0 |    278 |   1 |  449.0 |
        Bailey |    621 |    621 |      0 |    245 |    203 |   1 |  621.0 |
      Ice Cave |   1451 |   1451 |      0 |    818 |    161 |   1 | 1451.0 |
       Volcano |    181 |    181 |      0 |     28 |      0 |   1 |  181.0 |
      Gauntlet |    458 |    458 |      0 |     72 |     88 |   1 |  458.0 |
               +--------+--------+--------+--------+--------+-----+--------+

Top non-repeatable levels by time:
   Elf:3: 3152 daAuts
  Lair:5: 2607 daAuts
Depths:1: 2379 daAuts
Depths:3: 2142 daAuts
   Elf:2: 2136 daAuts
Depths:2: 2004 daAuts
     D:5: 1976 daAuts
     D:7: 1718 daAuts
  Lair:2: 1716 daAuts
 Snake:1: 1652 daAuts
  Lair:3: 1552 daAuts
   IceCv: 1451 daAuts
  Lair:1: 1440 daAuts
   Elf:1: 1431 daAuts
Vaults:2: 1374 daAuts
